 Dungeon Crawl Stone Soup version 0.22.1-5-g62c59d9 (webtiles) character file.

35199 Tiagovsky the Cleaver (level 13, -13/130 HPs)
             Began as a Deep Dwarf Fighter on Jan 9, 2019.
             Was a High Priest of Trog.
             Mangled by an orc knight
             ... wielding a +0 halberd
              (19 damage)
             ... in a bailey on Jan 10, 2019.
             The game lasted 01:57:18 (15180 turns).

Tiagovsky the Cleaver (Deep Dwarf Fighter)         Turns: 15180, Time: 01:57:19

Health: -13/130    AC: 18    Str: 27    XL:     13   Next: 46%
Magic:  3/3        EV: 13    Int: 10    God:    Trog [*****.]
Gold:   1146       SH: 13    Dex: 12    Spells: 12/12 levels left

rFire    + . .     SeeInvis .   h - +4 broad axe (antimagic)
rCold    . . .     Gourm    .   c - +1 shield
rNeg     . . .     Faith    .   H - +4 scale mail {rF+}
rPois    +         Spirit   .   P - +0 helmet
rElec    .         Reflect  .   b - +1 cloak
rCorr    .         Harm     .   T - +0 pair of gloves
MR       +....                  d - +0 pair of boots
Stlth    ..........             (no amulet)
HPRegen  0.00/turn              D - +3 ring of strength
MPRegen  0.08/turn              x - ring of poison resistance

@: non-regenerating
A: damage resistance, heal wounds, sense surroundings 2, no regeneration
a: Heal Wounds, Berserk, Trog's Hand, Brothers in Arms, Renounce Religion


You were in a bailey.
You worshipped Trog.
Trog was extremely pleased with you.
You were not hungry.

You visited 3 branches of the dungeon, and saw 17 of its levels.
You also visited: Bailey.

You collected 1146 gold pieces.

Inventory:

Hand Weapons
 h - a +4 antimagic broad axe (weapon)
 q - a +3 battleaxe of electrocution
Missiles
 p - 12 tomahawks
 r - 401 stones
 G - 4 throwing nets
 O - 2 javelins (quivered)
Armour
 b - a +1 cloak (worn)
 c - a +1 shield (worn)
 d - a +0 pair of boots (worn)
 C - a +4 ring mail of cold resistance
 H - a +4 scale mail of fire resistance (worn)
 P - a +0 helmet (worn)
 T - a +0 pair of gloves (worn)
Jewellery
 x - a ring of poison resistance (right hand)
 D - a +3 ring of strength (left hand)
Wands
 i - a wand of digging (11)
 o - a wand of flame (40)
 t - a wand of clouds (6)
 y - a wand of polymorph (27)
 B - a wand of paralysis (29)
 F - a wand of disintegration (12)
 K - a wand of acid (16)
 L - a wand of iceblast (10)
 W - a wand of random effects (62)
Scrolls
 j - 4 scrolls of teleportation
 k - 5 scrolls of magic mapping
 l - 8 scrolls of immolation
 n - a scroll of remove curse
 w - a scroll of identify
 M - a scroll of noise {unknown}
Potions
 a - 2 potions of brilliance
 g - 4 potions of haste
 m - a potion of cancellation {unknown}
 s - a potion of ambrosia {unknown}
 u - 2 potions of mutation {unknown}
 v - 7 potions of curing
 z - 6 potions of heal wounds
 A - a potion of agility {unknown}
 E - 2 potions of berserk rage {unknown}
 I - a potion of resistance {unknown}
 J - 2 potions of lignification {unknown}
 Q - a potion of magic {unknown}
 V - a potion of might
Miscellaneous
 R - a crystal ball of energy
Comestibles
 f - 24 rations
 N - 6 chunks of flesh


   Skills:
 + Level 12.5 Fighting
 + Level 14.4 Axes
 + Level 7.2 Armour
 - Level 8.0 Dodging
 + Level 9.4 Shields
 + Level 7.4 Evocations


You had 12 spell levels left.
You didn't know any spells.
Your spell library was empty.

Dungeon Overview and Level Annotations

Branches:
Dungeon (11/15)            Temple (1/1) D:4            Lair (5/6) D:8
  Swamp (0/4) Lair:4       Spider (0/4) Lair:2          Orc (0/2) D:10
  Slime: Lair:5-6

Altars:
Ashenzari
Cheibriados
Dithmenos
Elyvilon
Fedhas
Gozag
Hepliaklqana
Kikubaaqudgha
Makhleb
Nemelex Xobeh
Okawaru
Qazlal
Ru
Sif Muna
Trog
Uskayaw
Vehumet
Wu Jian
Xom
Yredelemnul
Zin
The Shining One

Shops:
D:5 *


Innate Abilities, Weirdness & Mutations

You are resistant to damage.
You can heal yourself by infusing magical energy.
You passively map the area around you.
You do not regenerate.


Message History

You feel much better. You block the orc's attack.
The orc knight completely misses you.
The orc warrior shoots a bolt.
The bolt barely misses you.
The orc warrior hits you but does no damage.
The orc warrior hits you from afar with a halberd!
* * * LOW HITPOINT WARNING * * *
Okay, then.
As you read the scroll of fog, it crumbles to dust.
The scroll dissolves into smoke.
The orc misses you.
The orc knight roars a battlecry!
The orc warriors go into a battle-frenzy!
The orc warrior hits you but does no damage.
You block the orc warrior's attack.
The orc knight roars a battlecry!
The orc warrior wields an uncursed enchanted arbalest.
The orc warrior shoots a bolt.
The bolt barely misses you.
The orc warrior hits you with a halberd!
* * * LOW HITPOINT WARNING * * *
The orc knight hits you from afar with a halberd!!
You die...

* ###
######*##∩#########
#.....##.∩.##.....##, %
..≈≈≈..#.(.#..≈≈≈..# ..
.≈≈o≈≈)(.(...≈≈.≈≈.#...*
.≈.oo≈.)()...≈ooo≈o'..,
.≈≈o≈≈...((§§§§o§§.# * ,
..≈≈≈..#(..#§o§§§§.# , *
*#.....##...##@§§oo## ,,
*###### ##∩######### *
###


You could see an orc knight and an orc warrior.

Vanquished Creatures
  Kirke (Lair:5)
  Harold (D:8)
  5 hydras
  2 two-headed ogres (D:11)
  Erica (D:7)
  A catoblepas (Lair:4)
  3 death yaks (Lair:5)
  An ugly thing (D:11)
  A deep elf mage (D:9)
  Joseph (D:8)
  6 black mambas
  8 spiny frogs
  A rime drake (Lair:4)
  A gargoyle (D:11)
  4 komodo dragons
  The ghost of appiemonkey the Chopper, a novice OpFi of Cheibriados (D:5)
  A troll (D:9)
  A jumping spider (Lair:2)
  Grinder (D:6)
  Prince Ribbit (D:5)
  9 dream sheep
  8 hippogriffs
  16 yaks
  2 wyverns (D:9)
  A basilisk (Lair:4)
  3 hogs (Lair:5)
  6 vampire mosquitoes (Lair:4)
  Grum (D:7)
  14 water moccasins
  9 porcupines
  8 orc warriors
  A sky beast (D:4)
  5 black bears
  An ice beast (D:9)
  8 ogres
  An eye of draining (D:10)
  A phantom (D:8)
  A necrophage (D:11)
  6 wolves
  14 crocodiles
  3 centaurs
  A big kobold (D:9)
  Blork the orc (D:4)
  A wyvern zombie (D:8)
  16 bullfrogs
  3 scorpions (D:7)
  A killer bee (D:9)
  A wight (D:9)
  4 howler monkeys
  5 crimson imps
  2 jellies (D:8)
  10 orc priests
  A bullfrog skeleton (D:5)
  9 hounds
  2 centaur skeletons (D:4)
  21 orc wizards
  Natasha (twice) (D:4)
  3 iguanas
  7 worker ants
  A hound zombie (D:9)
  A hound skeleton (D:7)
  2 worker ant zombies
  2 howler monkey zombies
  7 gnolls
  12 adders
  A shadow imp (D:7)
  2 white imps (Lair:5)
  2 oozes
  An adder zombie (D:9)
  4 worms
  4 dart slugs
  6 leopard geckos
  51 orcs
  A ball python (D:1)
  9 bats
  7 giant cockroaches
  14 goblins
  9 hobgoblins
  17 jackals
  5 quokkas
  5 frilled lizards
  A jackal skeleton (D:4)
  12 kobolds
  A quokka skeleton (D:5)
  9 rats
  6 fungi
  2 plants
444 creatures vanquished.

Vanquished Creatures (others)
  A fungus (D:8)
  2 plants
3 creatures vanquished.

Grand Total: 447 creatures vanquished

Notes
Turn   | Place    | Note
-------+----------+-------------------------------------------
     0 | D:1      | Tiagovsky the Deep Dwarf Fighter began the quest for the
                  | Orb.
     0 | D:1      | Reached XP level 1. HP: 20/20 MP: 1/1
   154 | D:1      | Reached XP level 2. HP: 24/27 MP: 2/2
   482 | D:1      | Reached XP level 3. HP: 26/34 MP: 3/3
   600 | D:1      | Reached skill level 3 in Axes
  1185 | D:2      | Found an ornate altar of the Wu Jian Council.
  1196 | D:2      | Found a radiant altar of Vehumet.
  1227 | D:2      | Reached XP level 4. HP: 29/42 MP: 4/4
  1350 | D:2      | Found a shimmering altar of Xom.
  1747 | D:2      | Reached XP level 5. HP: 19/50 MP: 5/5
  1980 | D:3      | Reached skill level 4 in Axes
  2045 | D:3      | You fall through a shaft for 2 floors!
  2045 | D:5      | Entered Level 5 of the Dungeon
  2048 | D:5      | Found a sacrificial altar of Ru.
  2070 | D:5      | Reached skill level 5 in Shields
  2097 | D:5      | Reached XP level 6. HP: 43/57 MP: 6/6
  2126 | D:5      | Found Ihesob's Assorted Antiques.
  2204 | D:4      | Found a staircase to the Ecumenical Temple.
  2205 | D:4      | Noticed a sky beast
  2209 | Temple   | Entered the Ecumenical Temple
  2428 | Temple   | Became a worshipper of Trog the Wrathful
  2490 | D:4      | Killed a sky beast
  2519 | D:4      | Found a shadowy altar of Dithmenos.
  2547 | D:4      | Noticed Blork the orc
  2551 | D:4      | Reached skill level 5 in Axes
  2560 | D:4      | Killed Blork the orc
  2560 | D:4      | Reached XP level 7. HP: 34/66 MP: 4/4
  2561 | D:4      | Reached skill level 5 in Fighting
  2955 | D:4      | Noticed Natasha
  2960 | D:4      | Killed Natasha
  3024 | D:4      | Reached * piety under Trog
  3102 | D:4      | Reached skill level 6 in Axes
  3237 | D:4      | Reached XP level 8. HP: 53/75 MP: 4/4
  3538 | D:4      | Noticed Natasha
  3546 | D:4      | Killed Natasha
  3925 | D:5      | Noticed Prince Ribbit
  3988 | D:5      | Found a large runed door.
  3988 | D:5      | Found a large runed door.
  3989 | D:5      | Noticed appiemonkey's ghost (novice OpFi)
  4165 | D:5      | Killed Prince Ribbit
  4165 | D:5      | Reached ** piety under Trog
  4433 | D:5      | Killed appiemonkey's ghost
  4433 | D:5      | Reached skill level 7 in Axes
  4656 | D:6      | Noticed Grinder
  4673 | D:6      | Killed Grinder
  4677 | D:6      | Gained mutation: You passively map the area around you.
                  | [Deep Dwarf growth]
  4677 | D:6      | Reached XP level 9. HP: 47/85 MP: 5/5
  4728 | D:6      | Got a brightly glowing scale mail
  4739 | D:6      | Identified the cursed +1 scale mail "Wupudwiph" {MR- Int+4
                  | Dex+2} (You found it on level 6 of the Dungeon)
  5335 | D:7      | Reached skill level 8 in Axes
  5985 | D:7      | Found a sparkling altar of Nemelex Xobeh.
  6273 | D:8      | Noticed Joseph
  6294 | D:7      | Reached *** piety under Trog
  6294 | D:7      | Reached skill level 1 in Dodging
  6333 | D:8      | Killed Joseph
  6333 | D:8      | Reached skill level 9 in Axes
  6373 | D:8      | Noticed Harold
  6385 | D:8      | Killed Harold
  6385 | D:8      | Reached XP level 10. HP: 63/96 MP: 3/3
  6407 | D:8      | Noticed Grum
  6415 | D:8      | Noticed Erica
  6455 | D:7      | Reached skill level 5 in Dodging
  6482 | D:7      | Killed Grum
  6482 | D:7      | Reached skill level 10 in Axes
  6504 | D:7      | Killed Erica
  6517 | D:7      | Reached **** piety under Trog
  6840 | D:8      | Found a staircase to the Lair.
  7414 | D:9      | Noticed a deep elf mage
  7422 | D:9      | Killed a deep elf mage
  7422 | D:9      | Reached XP level 11. HP: 106/106 MP: 4/4
  7449 | D:9      | Reached skill level 11 in Axes
  7795 | D:9      | Reached ***** piety under Trog
  8434 | D:10     | Entered Level 10 of the Dungeon
  8604 | D:10     | Found a staircase to the Orcish Mines.
  9422 | Lair:1   | Entered Level 1 of the Lair of Beasts
  9577 | Lair:1   | Reached skill level 10 in Fighting
 10393 | Lair:2   | Reached skill level 12 in Axes
 11145 | Lair:2   | Found a hole to the Spider Nest.
 11296 | Lair:2   | Reached XP level 12. HP: 97/120 MP: 5/5
 11501 | Lair:3   | Noticed a seven-headed hydra
 11514 | Lair:3   | Killed a 14-headed hydra
 11558 | Lair:3   | Received a gift from Trog
 11700 | Lair:3   | Reached skill level 13 in Axes
 11875 | Lair:3   | Noticed a seven-headed hydra
 11891 | Lair:3   | Killed a 15-headed hydra
 12314 | Lair:4   | Reached skill level 1 in Evocations
 12330 | Lair:4   | Found a staircase to the Swamp.
 13122 | Lair:4   | Reached skill level 5 in Armour
 13355 | Lair:5   | Reached skill level 5 in Evocations
 13393 | Lair:5   | Noticed a death yak
 13399 | Lair:5   | Noticed a death yak
 13400 | Lair:5   | Noticed a death yak
 13411 | Lair:5   | Killed a death yak
 13414 | Lair:5   | Killed a death yak
 13421 | Lair:5   | Killed a death yak
 13421 | Lair:5   | Reached skill level 14 in Axes
 13421 | Lair:5   | Reached XP level 13. HP: 83/129 MP: 9/9
 13679 | Lair:5   | Received a gift from Trog
 14009 | Lair:5   | Noticed Kirke
 14041 | Lair:5   | Killed Kirke
 14794 | D:11     | Got a faintly humming ring mail
 14801 | D:11     | Identified the +0 ring mail "Tenalemm" {rPois} (You found
                  | it on level 11 of the Dungeon)
 15102 | D:11     | Found a flagged portal.
 15137 | Bailey   | Entered a bailey
 15180 | Bailey   | HP: 6/130 [orc warrior/halberd (11)]
 15180 | Bailey   | Mangled by an orc knight

Skill      XL: |  1  2  3  4  5  6  7  8  9 10 11 12 13 |
---------------+----------------------------------------+-----
Fighting       | 3 4 5 6 8 9 11 12 | 12.5
Axes           | 3 4 5 6 7 9 10 12 14 | 14.4
Shields        | 4 5 6 8 9 |  9.4
Dodging        | 4 6 8 |  8.0
Evocations     | 5 7 |  7.4
Armour         | 6 7 |  7.2

Action                   |  1- 3 |  4- 6 |  7- 9 | 10-12 | 13-15 || total
-------------------------+-------+-------+-------+-------+-------++-------
Melee: War axe           |   147 |   165 |   286 |       |       ||   598
       Battleaxe         |       |       |    42 |   715 |    31 ||   788
       Demon trident     |       |       |       |     8 |       ||     8
       Broad axe         |       |       |       |       |   130 ||   130
 Fire: Hunting sling     |       |     1 |       |       |       ||     1
Throw: Stone             |     7 |     1 |       |       |       ||     8
       Tomahawk          |       |       |    57 |     9 |     1 ||    67
       Javelin           |       |       |       |    72 |     9 ||    81
Invok: Berserk           |       |       |     3 |     5 |     4 ||    12
       Trog's Hand       |       |       |     1 |       |     4 ||     5
 Abil: Heal Wounds       |       |     4 |    18 |    11 |     8 ||    41
  Use: Scroll            |       |       |    14 |     7 |     7 ||    28
       Potion            |       |       |       |     1 |     2 ||     3
  Eat: Chunk             |     1 |     4 |     9 |    21 |     3 ||    38
       Ration            |       |       |     4 |     3 |     3 ||    10
Armor: Scale mail        |    82 |   121 |    49 |   329 |   146 ||   727
       Chain mail        |       |       |    55 |   147 |       ||   202
Dodge: Dodged            |    41 |    73 |    89 |   695 |   194 ||  1092
Block: Shield            |    95 |   125 |   123 |       |   112 ||   455
       Large shield      |       |       |    17 |       |       ||    17
